 Dungeon Crawl Stone Soup version 0.22.0-6-g71bd7aa (webtiles) character file.

1083 Faca the Fighter (level 8, -1/74 HPs)
             Began as a Centaur Hunter on Aug 15, 2018.
             Was a Follower of Okawaru.
             Slain by Sigmund
             ... wielding a +0 scythe
              (2 damage)
             ... on level 6 of the Dungeon.
             The game lasted 00:18:59 (6898 turns).

Faca the Fighter (Centaur Hunter)                   Turns: 6898, Time: 00:19:00

Health: -1/74      AC: 11    Str: 17    XL:     8   Next: 8%
Magic:  8/8        EV:  1    Int: 10    God:    Okawaru [*.....]
Gold:   275        SH:  0    Dex: -8 (10) Spells: 7/7 levels left

rFire    . . .     SeeInvis .   E - +2 halberd (protect)
rCold    + . .     Gourm    .   (shield currently unavailable)
rNeg     . . .     Faith    .   l - +2 ring mail {rC+}
rPois    .         Spirit   .   m - +0 helmet
rElec    .         Reflect  .   (no cloak)
rCorr    .         Harm     .   y - +0 pair of gloves
MR       .....                  (no barding)
Stlth    ..........             (no amulet)
HPRegen  0.22/turn              p - +2 ring of protection
MPRegen  0.11/turn              (no ring)

@: lethally poisoned (-1 -> -1), slowed, lost dexterity
A: large, hooves 3, deformed body, speed 2, tough skin 3
a: Heroism, Renounce Religion


You were on level 6 of the Dungeon.
You worshipped Okawaru.
Okawaru was aware of your devotion.
You were not hungry.

You visited 2 branches of the dungeon, and saw 7 of its levels.
You also visited: Sewer.

You collected 275 gold pieces.

Inventory:

Hand Weapons
 a - a +2 shortbow
 c - a +0 spear
 u - a +0 trident
 E - a +2 halberd of protection (weapon)
Missiles
 d - 131 arrows
Armour
 l - a +2 ring mail of cold resistance (worn)
 m - a +0 helmet (worn)
 y - a +0 pair of gloves (worn)
Jewellery
 p - a +2 ring of protection (left hand)
Wands
 r - a wand of disintegration (16)
 v - a wand of clouds (4)
 w - a wand of flame (32)
Scrolls
 b - a scroll of fog
 e - 4 scrolls of remove curse
 g - 2 scrolls of enchant weapon
 i - a scroll of blinking
 B - a scroll of summoning {unknown}
 C - a scroll of teleportation
Potions
 h - 6 potions of curing {unknown}
 j - 2 potions of magic {unknown}
 k - 2 potions of berserk rage
 n - 4 potions of might
 o - a potion of haste {unknown}
 q - a potion of mutation {unknown}
 s - 2 potions of flight {unknown}
 t - a potion of degeneration {unknown}
 x - 2 potions of brilliance {unknown}
 z - 5 potions of heal wounds {unknown}
 A - 3 potions of agility {unknown}
 D - a potion of resistance {unknown}
 F - a potion of cancellation {unknown}
Comestibles
 f - 14 rations


   Skills:
 + Level 8.0 Fighting
 * Level 4.8 Polearms
 - Level 5.3 Bows
 - Level 1.3 Dodging
 - Level 0.4 Stealth


You had 7 spell levels left.
You didn't know any spells.
Your spell library was empty.

Dungeon Overview and Level Annotations

Branches:
Dungeon (6/15)             Temple (1/1) D:4

Altars:
Ashenzari
Cheibriados
Dithmenos
Gozag
Hepliaklqana
Makhleb
Okawaru
Sif Muna
Uskayaw
The Shining One

Annotations:
D:3 1 runed door, thechecker02's ghost, amateur TrMo
D:6 Sigmund


Innate Abilities, Weirdness & Mutations

You have hooves in place of feet.
Armour fits poorly on your strangely shaped body.
You cover ground very quickly.
You have extremely tough skin. (AC +3)


Message History

Helpless, you fail to dodge the puff of flame.
You closely miss something. Your kick misses something.
You feel sick.
The bullfrog snags a nearby centipede with its tongue.
The orc hits you but does no damage. Something hits you but does no damage.
The orc hits you but does no damage.
Your ring mail prevents you from hitting something.
Something hits you but does no damage.
The bullfrog swells and bulges.
The orc hits you but does no damage. x2
Your ring mail prevents you from hitting something.
You feel sick. Something hits you but does no damage.
The orc hits you from afar with a trident.
* * * LOW HITPOINT WARNING * * *
Something hits you!
* * * LOW HITPOINT WARNING * * *
Unknown command.
You barely miss something.
* * * LOW HITPOINT WARNING * * *
You feel sick. The orc hits you but does no damage. Something hits you.
You die...

#####.#..............#
###>#..............#
#.(.#...##..##.#....
#.###..###..####...# #.#
#..#......##...# #.#
#..##......#..## #.#
#...+.._..+...##
...#####o###..#.......#....
....FooZo{@(..##.....##...#
Y..#####o###.)####...##...#
#.# ..# #..####..## #.#
........ ...# #.# .......
...# ..# #.#.... ... .##
...... .# ## ... .# ##


You could see a bullfrog, 5 orcs and a centaur skeleton.

Vanquished Creatures
  An ogre (D:5)
  2 phantoms (D:5)
  A centaur (D:6)
  A big kobold (Sewer)
  A scorpion (D:6)
  A crimson imp (D:5)
  A quasit (D:5)
  3 hounds
  A bullfrog skeleton (D:5)
  A centaur skeleton (D:4)
  Ijyb (D:4)
  2 iguanas (D:5)
  A worker ant (D:4)
  Robin (D:4)
  3 gnolls (D:5)
  7 adders
  4 river rats (Sewer)
  2 shadow imps (D:5)
  A white imp (D:6)
  2 oozes (Sewer)
  3 worms
  6 leopard geckos
  An orc (D:5)
  7 ball pythons
  8 giant cockroaches
  9 hobgoblins
  6 jackals
  25 kobolds
  3 quokkas
  10 bats
  6 frilled lizards
  19 goblins
  2 goblin skeletons (D:6)
  A hobgoblin zombie (D:6)
  A kobold skeleton (D:6)
  2 kobold zombies (D:6)
  A leopard gecko zombie (D:5)
  25 rats
172 creatures vanquished.

Notes
Turn   | Place    | Note
-------+----------+-------------------------------------------
     0 | D:1      | Faca the Centaur Hunter began the quest for the Orb.
     0 | D:1      | Reached XP level 1. HP: 17/17 MP: 1/1
   196 | D:1      | Reached XP level 2. HP: 25/25 MP: 2/2
   302 | D:1      | Reached skill level 3 in Fighting
   843 | D:1      | Reached XP level 3. HP: 15/31 MP: 3/3
  1338 | D:2      | Reached skill level 4 in Fighting
  1771 | D:2      | Reached XP level 4. HP: 33/41 MP: 4/4
  2165 | D:3      | Found a runed door.
  2165 | D:3      | Noticed a bullfrog
  2344 | D:3      | Noticed thechecker02's ghost (amateur TrMo)
  2443 | D:3      | Reached skill level 5 in Fighting
  2884 | D:4      | Noticed Ijyb
  2895 | D:4      | Killed Ijyb
  2895 | D:4      | Reached XP level 5. HP: 20/48 MP: 5/5
  3058 | D:4      | Found a glowing drain.
  3062 | Sewer    | Entered a sewer
  3517 | Sewer    | Reached skill level 6 in Fighting
  3966 | Sewer    | Reached XP level 6. HP: 29/58 MP: 6/6
  4320 | D:4      | Found a staircase to the Ecumenical Temple.
  4408 | D:4      | Noticed Robin
  4495 | D:4      | Killed Robin
  4495 | D:4      | Reached skill level 7 in Fighting
  4547 | Temple   | Entered the Ecumenical Temple
  4553 | Temple   | Became a worshipper of Warmaster Okawaru
  5096 | D:5      | Entered Level 5 of the Dungeon
  5113 | D:5      | Reached skill level 1 in Polearms
  5204 | D:5      | Found a hazy altar of Hepliaklqana.
  5417 | D:5      | Reached XP level 7. HP: 64/66 MP: 7/7
  5907 | D:5      | Reached * piety under Okawaru
  6209 | D:6      | Noticed Sigmund
  6618 | D:5      | Lost dexterity.
  6675 | D:5      | Reached XP level 8. HP: 51/74 MP: 8/8
  6823 | D:6      | Found a glowing golden altar of the Shining One.
  6829 | D:6      | Reached skill level 8 in Fighting
  6897 | D:6      | HP: 2/74 [something (12)]
  6898 | D:6      | Slain by Sigmund

Skill      XL: |  1  2  3  4  5  6  7  8 |
---------------+-------------------------+-----
Fighting       | 3 4 5 6 7 8 |  8.0
Polearms       | 2 4 |  4.8
Bows           | |  5.3
Dodging        | |  1.3
Stealth        | |  0.4

Action                   |  1- 3 |  4- 6 |  7- 9 || total
-------------------------+-------+-------+-------++-------
Melee: Short sword       |   141 |   289 |       ||   430
       Kick              |    23 |    81 |    39 ||   143
       Spear             |       |    61 |   172 ||   233
       Trident           |       |       |    27 ||    27
       Halberd           |       |       |    33 ||    33
 Fire: Shortbow          |     6 |     6 |    18 ||    30
Invok: Heroism           |       |       |     2 ||     2
  Use: Scroll            |       |    13 |       ||    13
  Eat: Ration            |     1 |     3 |     1 ||     5
       Chunk             |       |     1 |       ||     1
Armor: Leather armour    |    10 |       |       ||    10
       Ring mail         |    61 |    80 |   397 ||   538
       Scale mail        |       |   122 |       ||   122
       Chain mail        |       |    55 |       ||    55
Dodge: Dodged            |    68 |   144 |   112 ||   324
